Boston Bruins vs Philadelphia Flyers
Created - Tuesday, March 19, 2024 at 08:32
Goals
|
| Boston Bruins |
1 |
1 |
0 |
0 |
0 |
2 |
| Philadelphia Flyers |
0 |
2 |
0 |
0 |
1 |
3 |
|
Shots
|
| Boston Bruins |
3 |
14 |
7 |
1 |
3 |
25 |
| Philadelphia Flyers |
7 |
10 |
12 |
0 |
3 |
29 |
|
1st period
1. Boston Bruins , David Krejci 9 (Joel Farabee 17, Joe Veleno 5) at 15:21
Penalties :
Joel Farabee (BOS) for Roughing (Minor) at 0:31, Charlie McAvoy (BOS) for Hooking (Minor) at 10:14, Charlie McAvoy (BOS) for Hooking (Minor) at 16:58
2nd period
2. Philadelphia Flyers , Marcus Johansson 11 (Auston Matthews 16) at 2:51
3. Boston Bruins , Morgan Geekie 4 (Ryan Donato 8, Samuel Girard 7) at 14:36
4. Philadelphia Flyers , Auston Matthews 13 (Marcus Johansson 14, Matt Duchene 11) at 16:00
Penalties :
Radek Faksa (PHI) for Roughing (Minor) at 3:34, John-Jason Peterka (BOS) for Interference (Minor) at 9:05, Charlie McAvoy (BOS) for Tripping (Minor) at 12:19
3rd period
No Goal
Penalties :
Auston Matthews (PHI) for Roughing (Minor) at 3:43, Joel Farabee (BOS) for Charging (Minor) at 11:38
Overtime #1
No Goal
Penalties :
No Penalty
Shootout
Boston Bruins, Brandon Hagel - Stopped by Connor Ingram
Philadelphia Flyers, Auston Matthews - Shot Misses the Net
Boston Bruins, Pavel Zacha - Stopped by Connor Ingram
Philadelphia Flyers, Matt Duchene - Shot Misses the Net
Boston Bruins, David Krejci - Stopped by Connor Ingram
Philadelphia Flyers, Max Pacioretty - Goal!
Penalties :
No Penalty
Goalie Stats
Pyotr Kochetkov (BOS), 27 saves from 29 shots - (0.931), OTL, 2-10-3, 65:00 minutes
Connor Ingram (PHI), 23 saves from 25 shots - (0.920), W, 10-9-5, 65:00 minutes
Players Stats for Boston Bruins
Player Name G A P +/- PIM S H SB GA TA FO MP PP MP PK MP
------------------------------------------------------------------------------------
Anthony Beauvillier 0 0 0 -2 0 1 4 0 2 0 1/1 20:02 1:56 6:04
Brandon Hagel 0 0 0 -2 0 4 3 0 1 0 2/6 25:27 1:56 5:36
Cam York 0 0 0 0 0 1 2 1 0 1 0/0 23:06 2:05 5:36
Charlie McAvoy 0 0 0 0 6 1 4 2 0 0 0/0 25:42 1:53 3:12
Curtis Hall 0 0 0 0 0 0 0 0 0 0 0/0 3:18 0:17 0:00
David Krejci 1 0 1 1 0 2 2 0 0 0 8/13 21:50 1:58 5:54
Jack Studnicka 0 0 0 0 0 0 0 0 0 0 2/4 7:01 0:00 0:00
Joe Veleno 0 1 1 1 0 0 3 0 0 1 1/1 14:57 0:00 0:24
Joel Farabee 0 1 1 1 4 1 1 0 0 1 0/1 15:13 1:58 0:00
John-Jason Peterka 0 0 0 1 2 0 1 0 0 1 1/1 14:35 1:49 0:00
Matt Grzelcyk 0 0 0 0 0 1 1 0 0 0 0/0 13:58 0:00 0:27
Morgan Geekie 1 0 1 1 0 2 0 1 0 0 0/0 13:13 0:00 0:00
Otto Koivula 0 0 0 0 0 0 1 0 0 0 0/0 6:44 0:00 0:00
Pavel Zacha 0 0 0 -2 0 2 0 0 0 0 8/22 20:02 1:56 5:36
Ryan Donato 0 1 1 1 0 9 0 0 0 0 5/6 15:36 0:04 0:14
Samuel Bolduc 0 0 0 0 0 0 0 0 0 1 0/0 15:42 0:00 2:39
Samuel Girard 0 1 1 0 0 0 2 0 1 1 0/0 23:06 2:05 5:36
Tyson Barrie 0 0 0 0 0 1 0 1 0 0 0/0 28:28 1:53 6:18
Players Stats for Philadelphia Flyers
Player Name G A P +/- PIM S H SB GA TA FO MP PP MP PK MP
------------------------------------------------------------------------------------
Artem Zub 0 0 0 0 0 0 3 1 0 0 0/0 20:11 0:00 1:51
Auston Matthews 1 1 2 2 2 5 1 0 0 0 7/13 18:53 5:56 0:55
Ben Chiarot 0 0 0 0 0 1 2 0 1 2 0/0 25:09 6:03 2:07
Bryan Rust 0 0 0 -1 0 5 0 0 0 1 1/1 18:24 5:58 1:57
Elias Lindholm 0 0 0 0 0 0 2 0 2 0 7/14 20:51 5:44 1:59
Jesper Fast 0 0 0 -1 0 3 2 0 0 0 0/0 13:15 0:00 1:45
Justin Faulk 0 0 0 0 0 2 1 1 1 0 0/0 26:15 5:51 1:51
Mackenzie MacEachern 0 0 0 -1 0 1 0 0 0 0 0/0 11:30 0:00 0:00
Marcus Johansson 1 1 2 2 0 2 0 0 0 0 1/1 13:12 0:31 0:16
Matt Duchene 0 1 1 2 0 0 1 0 0 0 1/1 17:55 5:55 0:06
Matt Roy 0 0 0 0 0 0 3 3 1 1 0/0 25:17 6:03 2:07
Matthew Peca 0 0 0 -1 0 0 1 0 0 0 5/12 12:22 0:14 0:00
Max Pacioretty 0 0 0 0 0 1 0 0 0 0 0/1 16:52 5:33 0:00
Oliver Ekman-Larsson 0 0 0 0 0 2 4 1 0 0 0/0 20:16 5:51 0:00
Radek Faksa 0 0 0 -1 2 2 0 1 0 0 5/10 12:46 0:00 0:58
Scott Harrington 0 0 0 0 0 1 4 1 0 0 0/0 12:52 0:00 0:00
Sonny Milano 0 0 0 -1 0 1 0 0 0 0 0/2 10:51 0:00 0:00
Vladimir Tarasenko 0 0 0 0 0 3 0 0 1 0 0/0 19:09 5:51 0:00
3 Stars
1 - Marcus Johansson (PHI)
2 - Auston Matthews (PHI)
3 - David Krejci (BOS)
Power Play
Boston Bruins - 0 on 2 Attempt(s) - 0.00%
Philadelphia Flyers - 0 on 6 Attempt(s) - 0.00%
Penalty Kill
Boston Bruins - 6 on 6 Attempt(s) - 100.00%
- Score 0 goal in Penalty Kill
Philadelphia Flyers - 2 on 2 Attempt(s) - 100.00%
- Score 0 goal in Penalty Kill
Team Stat
Boston Bruins - Hits : 24 - Faceoff Wins : 28 - Blocked Shots : 5 - Penalty Minutes : 12
Philadelphia Flyers - Hits : 24 - Faceoff Wins : 27 - Blocked Shots : 8 - Penalty Minutes : 4
Official
Referees : Marc Joannette and Ian Walsh
Linesman : Greg Devorski and Darren Gibbs
Game Notes
No Game Note
Finance
Level 1 -- Attendance: 5813 (96.88%) -- Ticket Income $528,983
Level 2 -- Attendance: 4972 (99.44%) -- Ticket Income $258,544
Level 3 -- Attendance: 2934 (97.80%) -- Ticket Income $82,152
Level 4 -- Attendance: 4482 (89.64%) -- Ticket Income $80,676
Luxury Box -- Attendance: 949 (94.90%) -- Ticket Income $180,310
Game was played at the Wells Fargo Center.
Total Attendance: 19150 (95.75%)
Total Ticket Income: $1,130,665
Other Income: $395,733
Total Income: $1,526,398
Boston Bruins
5 vs 5 Forward
Center Left Wing Right Wing Time % Phy DF OF
1 Pavel Zacha Brandon Hagel Anthony Beauvillier 30 1 2 2
2 David Krejci Joel Farabee John-Jason Peterka 30 1 2 2
3 Ryan Donato Joe Veleno Morgan Geekie 25 1 2 2
4 Jack Studnicka Otto Koivula Brandon Hagel 15 1 2 2
5 vs 5 Defense
Defense Defense Time % Phy DF OF
1 Charlie McAvoy Tyson Barrie 30 1 2 2
2 Samuel Girard Cam York 30 1 2 2
3 Matt Grzelcyk Samuel Bolduc 25 1 2 2
4 Charlie McAvoy Tyson Barrie 15 1 2 2
PowerPlay Forward
Center Left Wing Right Wing Time % Phy DF OF
1 Pavel Zacha Brandon Hagel Anthony Beauvillier 50 1 2 2
2 David Krejci Joel Farabee John-Jason Peterka 50 1 2 2
PowerPlay Defense
Defense Defense Time % Phy DF OF
1 Charlie McAvoy Tyson Barrie 50 1 2 2
2 Samuel Girard Cam York 50 1 2 2
Penalty Kill 4 Players Forward
Center Wing Time % Phy DF OF
1 Brandon Hagel Pavel Zacha 50 1 2 2
2 David Krejci Anthony Beauvillier 50 1 2 2
Penalty Kill 4 Players Defense
Defense Defense Time % Phy DF OF
1 Charlie McAvoy Tyson Barrie 50 1 2 2
2 Samuel Girard Cam York 50 1 2 2
Penalty Kill - 3 Players Forward
Forward Time % Phy DF OF
1 Brandon Hagel 50 1 2 2
2 Pavel Zacha 50 1 2 2
Penalty Kill - 3 Players Defense
Defense Defense Time % Phy DF OF
1 Charlie McAvoy Tyson Barrie 50 1 2 2
2 Samuel Girard Cam York 50 1 2 2
4 vs 4 Forward
Center Wing Time % Phy DF OF
1 Brandon Hagel Pavel Zacha 50 1 2 2
2 David Krejci Anthony Beauvillier 50 1 2 2
4 vs 4 Defense
Defense Defense Time % Phy DF OF
1 Charlie McAvoy Tyson Barrie 50 1 2 2
2 Samuel Girard Cam York 50 1 2 2
Last Minutes Offensive
Center Left Wing Right Wing Defense Defense
Pavel Zacha Brandon Hagel Anthony Beauvillier Charlie McAvoy Tyson Barrie
Last Minutes Defensive
Center Left Wing Right Wing Defense Defense
Pavel Zacha Brandon Hagel Anthony Beauvillier Charlie McAvoy Tyson Barrie
Goaltenders
Starting : Pyotr Kochetkov
Backup : Leevi Merilainen
Extra Forwards
Normal : Curtis Hall, Ryan Donato, Joe Veleno - PP : Curtis Hall, Ryan Donato - PK : Joe Veleno
Extra Defensemen
Normal : Matt Grzelcyk, Samuel Bolduc, Samuel Girard - PP : Matt Grzelcyk - PK : Samuel Bolduc, Samuel Girard
Penalty Shots
Brandon Hagel, Pavel Zacha, David Krejci, Anthony Beauvillier, Joel Farabee
Philadelphia Flyers
5 vs 5 Forward
Center Left Wing Right Wing Time % Phy DF OF
1 Auston Matthews Marcus Johansson Matt Duchene 25 1 1 3
2 Elias Lindholm Max Pacioretty Vladimir Tarasenko 25 1 1 3
3 Matthew Peca Sonny Milano Bryan Rust 25 1 2 2
4 Radek Faksa Mackenzie MacEachern Jesper Fast 25 1 2 2
5 vs 5 Defense
Defense Defense Time % Phy DF OF
1 Justin Faulk Artem Zub 35 1 2 2
2 Matt Roy Ben Chiarot 35 1 2 2
3 Scott Harrington Oliver Ekman-Larsson 30 1 2 2
4 Justin Faulk Artem Zub 0 1 2 2
PowerPlay Forward
Center Left Wing Right Wing Time % Phy DF OF
1 Auston Matthews Max Pacioretty Matt Duchene 50 0 1 4
2 Elias Lindholm Vladimir Tarasenko Bryan Rust 50 0 1 4
PowerPlay Defense
Defense Defense Time % Phy DF OF
1 Justin Faulk Oliver Ekman-Larsson 50 0 2 3
2 Matt Roy Ben Chiarot 50 0 2 3
Penalty Kill 4 Players Forward
Center Wing Time % Phy DF OF
1 Radek Faksa Bryan Rust 50 0 4 1
2 Elias Lindholm Jesper Fast 50 0 4 1
Penalty Kill 4 Players Defense
Defense Defense Time % Phy DF OF
1 Ben Chiarot Matt Roy 50 0 5 0
2 Artem Zub Justin Faulk 50 0 5 0
Penalty Kill - 3 Players Forward
Forward Time % Phy DF OF
1 Radek Faksa 50 0 5 0
2 Elias Lindholm 50 0 5 0
Penalty Kill - 3 Players Defense
Defense Defense Time % Phy DF OF
1 Ben Chiarot Matt Roy 50 0 5 0
2 Artem Zub Justin Faulk 50 0 5 0
4 vs 4 Forward
Center Wing Time % Phy DF OF
1 Auston Matthews Vladimir Tarasenko 50 0 2 3
2 Elias Lindholm Matt Duchene 50 0 2 3
4 vs 4 Defense
Defense Defense Time % Phy DF OF
1 Justin Faulk Artem Zub 50 1 2 2
2 Matt Roy Ben Chiarot 50 1 2 2
Last Minutes Offensive
Center Left Wing Right Wing Defense Defense
Auston Matthews Elias Lindholm Matt Duchene Justin Faulk Oliver Ekman-Larsson
Last Minutes Defensive
Center Left Wing Right Wing Defense Defense
Elias Lindholm Radek Faksa Jesper Fast Ben Chiarot Matt Roy
Goaltenders
Starting : Connor Ingram
Backup : Jake Allen
Extra Forwards
Normal : Auston Matthews, Elias Lindholm, Matt Duchene - PP : Auston Matthews, Elias Lindholm - PK : Elias Lindholm
Extra Defensemen
Normal : Justin Faulk, Oliver Ekman-Larsson, Matt Roy - PP : Justin Faulk - PK : Ben Chiarot, Matt Roy
Penalty Shots
Auston Matthews, Matt Duchene, Max Pacioretty, Elias Lindholm, Vladimir Tarasenko
% Time on Ice - Boston Bruins
Lines # - Real PCT - Wanted PCT - Time Play
Normal Forward
1 - 22% - 30% - 9:50
2 - 33% - 30% - 14:21
3 - 30% - 25% - 13:13
4 - 15% - 15% - 6:44
Normal Defense
1 - 31% - 30% - 13:45
2 - 30% - 30% - 13:18
3 - 28% - 25% - 12:20
4 - 11% - 15% - 4:45
PP Forward
1 - 49% - 50% - 1:56
2 - 51% - 50% - 2:02
PP Defense
1 - 47% - 50% - 1:53
2 - 53% - 50% - 2:05
PK Forward
1 - 49% - 50% - 5:50
2 - 51% - 50% - 6:04
PK Defense
1 - 53% - 50% - 6:18
2 - 47% - 50% - 5:36
PK3 Forward
1 - 0% - 50%
2 - 0% - 50%
PK3 Defense
1 - 0% - 50%
2 - 0% - 50%
44 Forward
1 - 46% - 50% - 2:18
2 - 54% - 50% - 2:42
44 Defense
1 - 46% - 50% - 2:18
2 - 54% - 50% - 2:42
Last Minute Offensive - 0:00
Last Minute Defensive - 0:00
Total
Forward - 65:00
Defense - 65:00
|
% Time on Ice - Philadelphia Flyers
Lines # - Real PCT - Wanted PCT - Time Play
Normal Forward
1 - 24% - 25% - 10:25
2 - 26% - 25% - 11:23
3 - 25% - 25% - 10:50
4 - 26% - 25% - 11:30
Normal Defense
1 - 36% - 35% - 15:56
2 - 35% - 35% - 15:20
3 - 29% - 30% - 12:52
4 - 0% - 0% - 0:00
PP Forward
1 - 50% - 50% - 5:56
2 - 50% - 50% - 5:58
PP Defense
1 - 49% - 50% - 5:51
2 - 51% - 50% - 6:03
PK Forward
1 - 56% - 50% - 2:13
2 - 44% - 50% - 1:45
PK Defense
1 - 53% - 50% - 2:07
2 - 47% - 50% - 1:51
PK3 Forward
1 - 0% - 50%
2 - 0% - 50%
PK3 Defense
1 - 0% - 50%
2 - 0% - 50%
44 Forward
1 - 49% - 50% - 2:26
2 - 51% - 50% - 2:34
44 Defense
1 - 49% - 50% - 2:26
2 - 51% - 50% - 2:34
Last Minute Offensive - 0:00
Last Minute Defensive - 0:00
Total
Forward - 65:00
Defense - 65:00
|
Play-by-Play
1st period
0:01 of 1st period - Auston Matthews wins face-off versus Pavel Zacha in neutral zone.
0:25 of 1st period - Tyson Barrie is hit by Artem Zub and loses puck.
0:31 of 1st period - Minor Penalty to Joel Farabee for Roughing.
0:32 of 1st period - Brandon Hagel wins face-off versus Auston Matthews in Boston Bruins zone.
2:31 of 1st period - Penalty to Joel Farabee is over, Joel Farabee is back on ice.
2:37 of 1st period - Tyson Barrie is hit by Jesper Fast and loses puck.
2:55 of 1st period - Icing by Pavel Zacha.
2:56 of 1st period - Ryan Donato wins face-off versus Matthew Peca in Boston Bruins zone.
3:20 of 1st period - Off-side.
3:21 of 1st period - David Krejci wins face-off versus Radek Faksa in neutral zone.
3:26 of 1st period - Snap shot by David Krejci.
3:26 of 1st period - Shot Blocked by Radek Faksa.
3:28 of 1st period - Wrist shot by David Krejci.
3:28 of 1st period - Shot Misses the Net.
3:48 of 1st period - Ben Chiarot is hit by Joe Veleno and loses puck.
5:21 of 1st period - Joe Veleno is hit by Elias Lindholm.
5:33 of 1st period - Oliver Ekman-Larsson is hit by Joel Farabee and loses puck.
5:52 of 1st period - Wrist shot by Jesper Fast.
5:52 of 1st period - Deflect By Radek Faksa.
5:52 of 1st period - Stopped by Pyotr Kochetkov with a rebound.
5:56 of 1st period - Wrist shot by Jesper Fast.
5:56 of 1st period - Stopped by Pyotr Kochetkov without a rebound.
5:57 of 1st period - David Krejci wins face-off versus Radek Faksa in Boston Bruins zone.
5:57 of 1st period - David Krejci is hit by Matt Roy.
6:44 of 1st period - Slapshot by Matt Grzelcyk.
6:44 of 1st period - Shot Blocked by Matt Roy.
6:50 of 1st period - Cam York is hit by Matt Duchene and loses puck.
7:46 of 1st period - Snap shot by Sonny Milano.
7:46 of 1st period - Shot Misses the Net.
7:48 of 1st period - Slapshot by Scott Harrington.
7:48 of 1st period - Stopped by Pyotr Kochetkov without a rebound.
7:49 of 1st period - Matthew Peca wins face-off versus David Krejci in Boston Bruins zone.
8:41 of 1st period - Auston Matthews is hit by Anthony Beauvillier and loses puck.
8:52 of 1st period - Snap shot by Brandon Hagel.
8:52 of 1st period - Stopped by Connor Ingram with a rebound.
9:19 of 1st period - Wrist shot by Bryan Rust.
9:19 of 1st period - Stopped by Pyotr Kochetkov with a rebound.
9:21 of 1st period - Wrist shot by Bryan Rust.
9:21 of 1st period - Stopped by Pyotr Kochetkov with a rebound.
9:23 of 1st period - Snap shot by Bryan Rust.
9:23 of 1st period - Shot Misses the Net.
9:25 of 1st period - Slapshot by Oliver Ekman-Larsson.
9:25 of 1st period - Stopped by Pyotr Kochetkov with a rebound.
9:27 of 1st period - Slapshot by Oliver Ekman-Larsson.
9:27 of 1st period - Stopped by Pyotr Kochetkov with a rebound.
10:02 of 1st period - Wrist shot by Mackenzie MacEachern.
10:02 of 1st period - Shot Blocked by Tyson Barrie.
10:08 of 1st period - Snap shot by Jesper Fast.
10:08 of 1st period - Shot Blocked by Charlie McAvoy.
10:14 of 1st period - Minor Penalty to Charlie McAvoy for Hooking.
10:15 of 1st period - Auston Matthews wins face-off versus Brandon Hagel in Boston Bruins zone.
11:34 of 1st period - David Krejci is hit by Oliver Ekman-Larsson and loses puck.
12:14 of 1st period - Penalty to Charlie McAvoy is over, Charlie McAvoy is back on ice.
12:18 of 1st period - Off-side.
12:19 of 1st period - Ryan Donato wins face-off versus Max Pacioretty in neutral zone.
12:49 of 1st period - Snap shot by Brandon Hagel.
12:49 of 1st period - Shot Misses the Net.
12:59 of 1st period - Matt Roy is hit by John-Jason Peterka and loses puck.
13:38 of 1st period - Icing by Matt Duchene.
13:39 of 1st period - Elias Lindholm wins face-off versus Pavel Zacha in Philadelphia Flyers zone.
14:28 of 1st period - Matt Grzelcyk is hit by Jesper Fast and loses puck.
15:08 of 1st period - Max Pacioretty is hit by Anthony Beauvillier and loses puck.
15:21 of 1st period - Wrist shot by Joel Farabee.
15:21 of 1st period - Deflect By David Krejci.
15:21 of 1st period - Goal by David Krejci - Boston Bruins : 1 - Philadelphia Flyers : 0.
15:22 of 1st period - Matthew Peca wins face-off versus Pavel Zacha in neutral zone.
15:36 of 1st period - Snap shot by Bryan Rust.
15:36 of 1st period - Shot Misses the Net.
15:38 of 1st period - Wrist shot by Bryan Rust.
15:38 of 1st period - Shot Hit the Post.
15:48 of 1st period - Mackenzie MacEachern is hit by David Krejci and loses puck.
15:53 of 1st period - Snap shot by David Krejci.
15:53 of 1st period - Shot Misses the Net.
16:07 of 1st period - Backhand shot by Ryan Donato.
16:07 of 1st period - Stopped by Connor Ingram with a rebound.
16:15 of 1st period - Snap shot by Max Pacioretty.
16:15 of 1st period - Shot Misses the Net.
16:58 of 1st period - Minor Penalty to Charlie McAvoy for Hooking.
16:59 of 1st period - Brandon Hagel wins face-off versus Elias Lindholm in Boston Bruins zone.
17:54 of 1st period - Tyson Barrie is hit by Oliver Ekman-Larsson and loses puck.
18:52 of 1st period - Oliver Ekman-Larsson is hit by Anthony Beauvillier.
18:58 of 1st period - Penalty to Charlie McAvoy is over, Charlie McAvoy is back on ice.
19:50 of 1st period - Matt Duchene is hit by Samuel Girard and loses puck.
Goals for this period are 1 for Boston Bruins vs 0 for Philadelphia Flyers.
Shots for this period are 3 for Boston Bruins vs 7 for Philadelphia Flyers.
2nd period
0:01 of 2nd period - Matthew Peca wins face-off versus Pavel Zacha in neutral zone.
0:14 of 2nd period - Slapshot by Ben Chiarot.
0:14 of 2nd period - Shot Misses the Net.
0:16 of 2nd period - Slapshot by Ben Chiarot.
0:16 of 2nd period - Shot Misses the Net.
0:26 of 2nd period - Ben Chiarot is hit by Charlie McAvoy.
0:50 of 2nd period - Ben Chiarot is hit by Joe Veleno and loses puck.
1:55 of 2nd period - Off-side.
1:56 of 2nd period - Pavel Zacha wins face-off versus Elias Lindholm in neutral zone.
2:01 of 2nd period - Wrist shot by Pavel Zacha.
2:01 of 2nd period - Shot Misses the Net.
2:03 of 2nd period - Wrist shot by Anthony Beauvillier.
2:03 of 2nd period - Stopped by Connor Ingram without a rebound.
2:04 of 2nd period - Bryan Rust wins face-off versus Pavel Zacha in Philadelphia Flyers zone.
2:04 of 2nd period - Bryan Rust is hit by Charlie McAvoy.
2:11 of 2nd period - Off-side.
2:12 of 2nd period - Pavel Zacha wins face-off versus Sonny Milano in neutral zone.
2:21 of 2nd period - Snap shot by Anthony Beauvillier.
2:21 of 2nd period - Shot Blocked by Matt Roy.
2:25 of 2nd period - Wrist shot by Pavel Zacha.
2:25 of 2nd period - Stopped by Connor Ingram with a rebound.
2:27 of 2nd period - Wrist shot by Anthony Beauvillier.
2:27 of 2nd period - Shot Misses the Net.
2:45 of 2nd period - Wrist shot by Elias Lindholm.
2:45 of 2nd period - Shot Misses the Net.
2:47 of 2nd period - Snap shot by Ben Chiarot.
2:47 of 2nd period - Deflect By Tyson Barrie.
2:47 of 2nd period - Stopped by Pyotr Kochetkov without a rebound.
2:48 of 2nd period - Marcus Johansson wins face-off versus Pavel Zacha in Boston Bruins zone.
2:49 of 2nd period - Snap shot by Auston Matthews.
2:49 of 2nd period - Shot Misses the Net.
2:51 of 2nd period - Wrist shot by Marcus Johansson.
2:51 of 2nd period - Goal by Marcus Johansson - Boston Bruins : 1 - Philadelphia Flyers : 1.
2:52 of 2nd period - Pavel Zacha wins face-off versus Auston Matthews in neutral zone.
2:57 of 2nd period - Oliver Ekman-Larsson is hit by Anthony Beauvillier and loses puck.
3:34 of 2nd period - Minor Penalty to Radek Faksa for Roughing.
3:35 of 2nd period - Elias Lindholm wins face-off versus Pavel Zacha in Philadelphia Flyers zone.
3:46 of 2nd period - Wrist shot by Brandon Hagel.
3:46 of 2nd period - Shot Misses the Net.
4:12 of 2nd period - Wrist shot by David Krejci.
4:12 of 2nd period - Stopped by Connor Ingram with a rebound.
4:35 of 2nd period - Auston Matthews is hit by Charlie McAvoy and loses puck.
5:34 of 2nd period - Penalty to Radek Faksa is over, Radek Faksa is back on ice.
5:42 of 2nd period - Oliver Ekman-Larsson is hit by Charlie McAvoy and loses puck.
6:34 of 2nd period - Brandon Hagel is hit by Ben Chiarot and loses puck.
6:45 of 2nd period - Slapshot by Vladimir Tarasenko.
6:45 of 2nd period - Stopped by Pyotr Kochetkov with a rebound.
7:02 of 2nd period - Ryan Donato is hit by Scott Harrington and loses puck.
8:06 of 2nd period - Charlie McAvoy is hit by Scott Harrington and loses puck.
8:46 of 2nd period - Snap shot by Ryan Donato.
8:46 of 2nd period - Stopped by Connor Ingram with a rebound.
8:48 of 2nd period - Slapshot by Cam York.
8:48 of 2nd period - Stopped by Connor Ingram with a rebound.
8:56 of 2nd period - Snap shot by Justin Faulk.
8:56 of 2nd period - Stopped by Pyotr Kochetkov with a rebound.
9:00 of 2nd period - Wrist shot by Bryan Rust.
9:00 of 2nd period - Shot Blocked by Cam York.
9:02 of 2nd period - Wrist shot by Matthew Peca.
9:02 of 2nd period - Deflect By Sonny Milano.
9:02 of 2nd period - Shot Misses the Net.
9:02 of 2nd period - Puck is out of play.
9:03 of 2nd period - John-Jason Peterka wins face-off versus Elias Lindholm in Boston Bruins zone.
9:05 of 2nd period - Minor Penalty to John-Jason Peterka for Interference.
9:06 of 2nd period - Pavel Zacha wins face-off versus Auston Matthews in Boston Bruins zone.
9:40 of 2nd period - Wrist shot by Matt Roy.
9:40 of 2nd period - Shot Misses the Net.
11:05 of 2nd period - Penalty to John-Jason Peterka is over, John-Jason Peterka is back on ice.
11:32 of 2nd period - Snap shot by Joel Farabee.
11:32 of 2nd period - Stopped by Connor Ingram without a rebound.
11:33 of 2nd period - David Krejci wins face-off versus Auston Matthews in Philadelphia Flyers zone.
11:53 of 2nd period - Off-side.
11:54 of 2nd period - Ryan Donato wins face-off versus Matthew Peca in neutral zone.
12:07 of 2nd period - Wrist shot by Joe Veleno.
12:07 of 2nd period - Shot Blocked by Matt Roy.
12:19 of 2nd period - Minor Penalty to Charlie McAvoy for Tripping.
12:20 of 2nd period - David Krejci wins face-off versus Auston Matthews in Boston Bruins zone.
12:36 of 2nd period - Snap shot by Auston Matthews.
12:36 of 2nd period - Stopped by Pyotr Kochetkov with a rebound.
12:56 of 2nd period - Snap shot by Brandon Hagel.
12:56 of 2nd period - Stopped by Connor Ingram without a rebound.
12:57 of 2nd period - Auston Matthews wins face-off versus Brandon Hagel in Philadelphia Flyers zone.
12:59 of 2nd period - Icing by Justin Faulk.
13:00 of 2nd period - Matt Duchene wins face-off versus Brandon Hagel in Philadelphia Flyers zone.
14:19 of 2nd period - Penalty to Charlie McAvoy is over, Charlie McAvoy is back on ice.
14:26 of 2nd period - Wrist shot by Ryan Donato.
14:26 of 2nd period - Stopped by Connor Ingram without a rebound.
14:27 of 2nd period - Radek Faksa wins face-off versus Ryan Donato in Philadelphia Flyers zone.
14:34 of 2nd period - Wrist shot by Ryan Donato.
14:34 of 2nd period - Stopped by Connor Ingram with a rebound.
14:36 of 2nd period - Wrist shot by Morgan Geekie.
14:36 of 2nd period - Goal by Morgan Geekie - Boston Bruins : 2 - Philadelphia Flyers : 1.
14:37 of 2nd period - Elias Lindholm wins face-off versus Pavel Zacha in neutral zone.
14:52 of 2nd period - Snap shot by Max Pacioretty.
14:52 of 2nd period - Stopped by Pyotr Kochetkov without a rebound.
14:53 of 2nd period - David Krejci wins face-off versus Auston Matthews in Boston Bruins zone.
15:00 of 2nd period - Wrist shot by Auston Matthews.
15:00 of 2nd period - Stopped by Pyotr Kochetkov with a rebound.
15:20 of 2nd period - Tyson Barrie is hit by Justin Faulk and loses puck.
15:27 of 2nd period - Slapshot by Charlie McAvoy.
15:27 of 2nd period - Shot Misses the Net.
15:44 of 2nd period - Off-side.
15:45 of 2nd period - Auston Matthews wins face-off versus Pavel Zacha in neutral zone.
15:58 of 2nd period - Snap shot by Marcus Johansson.
15:58 of 2nd period - Stopped by Pyotr Kochetkov with a rebound.
16:00 of 2nd period - Wrist shot by Auston Matthews.
16:00 of 2nd period - Goal by Auston Matthews - Boston Bruins : 2 - Philadelphia Flyers : 2.
16:01 of 2nd period - Elias Lindholm wins face-off versus Pavel Zacha in neutral zone.
16:06 of 2nd period - Slapshot by Elias Lindholm.
16:06 of 2nd period - Shot Misses the Net.
16:18 of 2nd period - Slapshot by Vladimir Tarasenko.
16:18 of 2nd period - Deflect By Elias Lindholm.
16:18 of 2nd period - Shot Misses the Net.
16:18 of 2nd period - Puck is out of play.
16:19 of 2nd period - Radek Faksa wins face-off versus David Krejci in Boston Bruins zone.
16:26 of 2nd period - John-Jason Peterka is hit by Oliver Ekman-Larsson and loses puck.
16:31 of 2nd period - Slapshot by Jesper Fast.
16:31 of 2nd period - Deflect By Mackenzie MacEachern.
16:31 of 2nd period - Shot Misses the Net.
16:31 of 2nd period - Puck is out of play.
16:32 of 2nd period - Elias Lindholm wins face-off versus Pavel Zacha in Boston Bruins zone.
16:35 of 2nd period - Snap shot by Vladimir Tarasenko.
16:35 of 2nd period - Stopped by Pyotr Kochetkov with a rebound.
16:59 of 2nd period - Matt Grzelcyk is hit by Scott Harrington and loses puck.
17:21 of 2nd period - Backhand shot by Tyson Barrie.
17:21 of 2nd period - Shot Misses the Net.
17:23 of 2nd period - Snap shot by Morgan Geekie.
17:23 of 2nd period - Stopped by Connor Ingram with a rebound.
17:25 of 2nd period - Wrist shot by Samuel Girard.
17:25 of 2nd period - Shot Misses the Net.
17:27 of 2nd period - Wrist shot by Ryan Donato.
17:27 of 2nd period - Shot Misses the Net.
17:29 of 2nd period - Snap shot by Morgan Geekie.
17:29 of 2nd period - Deflect By Ryan Donato.
17:29 of 2nd period - Stopped by Connor Ingram without a rebound.
17:30 of 2nd period - Pavel Zacha wins face-off versus Elias Lindholm in Philadelphia Flyers zone.
18:18 of 2nd period - Ryan Donato is hit by Auston Matthews and loses puck.
18:31 of 2nd period - Tyson Barrie is hit by Artem Zub and loses puck.
18:58 of 2nd period - Joel Farabee is hit by Matt Roy and loses puck.
19:19 of 2nd period - Slapshot by Ryan Donato.
19:19 of 2nd period - Shot Misses the Net.
19:21 of 2nd period - Slapshot by Samuel Bolduc.
19:21 of 2nd period - Shot Blocked by Oliver Ekman-Larsson.
19:23 of 2nd period - Slapshot by Ryan Donato.
19:23 of 2nd period - Stopped by Connor Ingram without a rebound.
19:24 of 2nd period - Pavel Zacha wins face-off versus Radek Faksa in Philadelphia Flyers zone.
19:29 of 2nd period - Wrist shot by Anthony Beauvillier.
19:29 of 2nd period - Shot Misses the Net.
19:31 of 2nd period - Slapshot by Matt Grzelcyk.
19:31 of 2nd period - Stopped by Connor Ingram without a rebound.
19:32 of 2nd period - Radek Faksa wins face-off versus Pavel Zacha in Philadelphia Flyers zone.
19:32 of 2nd period - Radek Faksa is hit by Brandon Hagel.
Goals for this period are 1 for Boston Bruins vs 2 for Philadelphia Flyers.
Shots for this period are 14 for Boston Bruins vs 10 for Philadelphia Flyers.
3rd period
0:01 of 3rd period - Matthew Peca wins face-off versus Pavel Zacha in neutral zone.
0:16 of 3rd period - Snap shot by Pavel Zacha.
0:16 of 3rd period - Stopped by Connor Ingram with a rebound.
0:54 of 3rd period - Snap shot by Joel Farabee.
0:54 of 3rd period - Shot Misses the Net.
0:56 of 3rd period - Wrist shot by Charlie McAvoy.
0:56 of 3rd period - Shot Misses the Net.
0:58 of 3rd period - Snap shot by David Krejci.
0:58 of 3rd period - Shot Misses the Net.
1:00 of 3rd period - Slapshot by John-Jason Peterka.
1:00 of 3rd period - Shot Misses the Net.
1:18 of 3rd period - Slapshot by Tyson Barrie.
1:18 of 3rd period - Stopped by Connor Ingram without a rebound.
1:19 of 3rd period - Ryan Donato wins face-off versus Radek Faksa in Philadelphia Flyers zone.
1:57 of 3rd period - Wrist shot by Radek Faksa.
1:57 of 3rd period - Stopped by Pyotr Kochetkov without a rebound.
1:58 of 3rd period - Pavel Zacha wins face-off versus Elias Lindholm in Boston Bruins zone.
1:58 of 3rd period - Pavel Zacha is hit by Ben Chiarot.
2:54 of 3rd period - Slapshot by Bryan Rust.
2:54 of 3rd period - Stopped by Pyotr Kochetkov with a rebound.
2:56 of 3rd period - Snap shot by Sonny Milano.
2:56 of 3rd period - Stopped by Pyotr Kochetkov with a rebound.
3:06 of 3rd period - Justin Faulk is hit by Cam York and loses puck.
3:43 of 3rd period - Minor Penalty to Auston Matthews for Roughing.
3:44 of 3rd period - Elias Lindholm wins face-off versus David Krejci in Philadelphia Flyers zone.
5:43 of 3rd period - Penalty to Auston Matthews is over, Auston Matthews is back on ice.
6:03 of 3rd period - Backhand shot by Ryan Donato.
6:03 of 3rd period - Stopped by Connor Ingram with a rebound.
6:05 of 3rd period - Wrist shot by Ryan Donato.
6:05 of 3rd period - Stopped by Connor Ingram without a rebound.
6:06 of 3rd period - Ryan Donato wins face-off versus Sonny Milano in Philadelphia Flyers zone.
6:07 of 3rd period - Snap shot by Joe Veleno.
6:07 of 3rd period - Deflect By Morgan Geekie.
6:07 of 3rd period - Shot Hit the Post.
6:07 of 3rd period - Puck is out of play.
6:08 of 3rd period - Joe Veleno wins face-off versus Matthew Peca in Philadelphia Flyers zone.
6:17 of 3rd period - Samuel Bolduc is hit by Matthew Peca and loses puck.
6:22 of 3rd period - Backhand shot by Bryan Rust.
6:22 of 3rd period - Shot Blocked by Morgan Geekie.
6:24 of 3rd period - Slapshot by Oliver Ekman-Larsson.
6:24 of 3rd period - Deflect By Bryan Rust.
6:24 of 3rd period - Stopped by Pyotr Kochetkov with a rebound.
7:42 of 3rd period - Snap shot by Auston Matthews.
7:42 of 3rd period - Stopped by Pyotr Kochetkov without a rebound.
7:43 of 3rd period - Auston Matthews wins face-off versus Pavel Zacha in Boston Bruins zone.
7:54 of 3rd period - Snap shot by Brandon Hagel.
7:54 of 3rd period - Deflect By Marcus Johansson.
7:54 of 3rd period - Stopped by Connor Ingram without a rebound.
7:55 of 3rd period - Pavel Zacha wins face-off versus Matthew Peca in Philadelphia Flyers zone.
8:04 of 3rd period - Snap shot by Anthony Beauvillier.
8:04 of 3rd period - Shot Misses the Net.
8:20 of 3rd period - Ben Chiarot is hit by David Krejci and loses puck.
9:18 of 3rd period - Icing by Justin Faulk.
9:19 of 3rd period - Matthew Peca wins face-off versus Joel Farabee in Philadelphia Flyers zone.
9:28 of 3rd period - Snap shot by Elias Lindholm.
9:28 of 3rd period - Deflect By Vladimir Tarasenko.
9:28 of 3rd period - Stopped by Pyotr Kochetkov with a rebound.
10:06 of 3rd period - Wrist shot by Auston Matthews.
10:06 of 3rd period - Shot Misses the Net.
10:08 of 3rd period - Snap shot by Auston Matthews.
10:08 of 3rd period - Stopped by Pyotr Kochetkov with a rebound.
10:10 of 3rd period - Snap shot by Marcus Johansson.
10:10 of 3rd period - Shot Misses the Net.
10:12 of 3rd period - Snap shot by Matt Duchene.
10:12 of 3rd period - Shot Hit the Post.
10:14 of 3rd period - Snap shot by Marcus Johansson.
10:14 of 3rd period - Shot Misses the Net.
10:28 of 3rd period - Wrist shot by Radek Faksa.
10:28 of 3rd period - Shot Misses the Net.
10:30 of 3rd period - Wrist shot by Jesper Fast.
10:30 of 3rd period - Shot Hit the Post.
10:32 of 3rd period - Snap shot by Jesper Fast.
10:32 of 3rd period - Stopped by Pyotr Kochetkov without a rebound.
10:33 of 3rd period - Elias Lindholm wins face-off versus David Krejci in Boston Bruins zone.
10:58 of 3rd period - Oliver Ekman-Larsson is hit by Otto Koivula and loses puck.
11:27 of 3rd period - Slapshot by Tyson Barrie.
11:27 of 3rd period - Shot Blocked by Scott Harrington.
11:37 of 3rd period - Slapshot by Brandon Hagel.
11:37 of 3rd period - Stopped by Connor Ingram without a rebound.
11:38 of 3rd period - David Krejci wins face-off versus Matthew Peca in Philadelphia Flyers zone.
11:38 of 3rd period - Minor Penalty to Joel Farabee for Charging.
11:39 of 3rd period - Auston Matthews wins face-off versus David Krejci in Boston Bruins zone.
13:38 of 3rd period - Penalty to Joel Farabee is over, Joel Farabee is back on ice.
13:50 of 3rd period - Cam York is hit by Oliver Ekman-Larsson and loses puck.
14:36 of 3rd period - Scott Harrington is hit by Brandon Hagel and loses puck.
14:45 of 3rd period - Otto Koivula is hit by Scott Harrington and loses puck.
17:28 of 3rd period - Off-side.
17:29 of 3rd period - Jack Studnicka wins face-off versus Elias Lindholm in neutral zone.
17:42 of 3rd period - Backhand shot by Samuel Girard.
17:42 of 3rd period - Shot Blocked by Justin Faulk.
18:08 of 3rd period - Slapshot by Justin Faulk.
18:08 of 3rd period - Stopped by Pyotr Kochetkov with a rebound.
18:10 of 3rd period - Slapshot by Artem Zub.
18:10 of 3rd period - Deflect By Jesper Fast.
18:10 of 3rd period - Shot Misses the Net.
18:10 of 3rd period - Puck is out of play.
18:11 of 3rd period - David Krejci wins face-off versus Matthew Peca in Boston Bruins zone.
18:26 of 3rd period - Joe Veleno is hit by Matt Roy and loses puck.
18:33 of 3rd period - Snap shot by Radek Faksa.
18:33 of 3rd period - Shot Misses the Net.
18:35 of 3rd period - Snap shot by Mackenzie MacEachern.
18:35 of 3rd period - Shot Misses the Net.
18:37 of 3rd period - Snap shot by Mackenzie MacEachern.
18:37 of 3rd period - Stopped by Pyotr Kochetkov with a rebound.
18:49 of 3rd period - Snap shot by Sonny Milano.
18:49 of 3rd period - Shot Misses the Net.
18:51 of 3rd period - Wrist shot by Scott Harrington.
18:51 of 3rd period - Shot Blocked by Charlie McAvoy.
18:53 of 3rd period - Snap shot by Bryan Rust.
18:53 of 3rd period - Stopped by Pyotr Kochetkov with a rebound.
18:55 of 3rd period - Slapshot by Oliver Ekman-Larsson.
18:55 of 3rd period - Shot Misses the Net.
19:03 of 3rd period - Snap shot by Ryan Donato.
19:03 of 3rd period - Shot Blocked by Artem Zub.
19:05 of 3rd period - Snap shot by Ryan Donato.
19:05 of 3rd period - Stopped by Connor Ingram without a rebound.
19:06 of 3rd period - Radek Faksa wins face-off versus Jack Studnicka in Philadelphia Flyers zone.
19:06 of 3rd period - Radek Faksa is hit by Brandon Hagel.
19:15 of 3rd period - Off-side.
19:16 of 3rd period - Radek Faksa wins face-off versus Jack Studnicka in neutral zone.
19:16 of 3rd period - Radek Faksa is hit by Cam York.
19:22 of 3rd period - Wrist shot by Radek Faksa.
19:22 of 3rd period - Deflect By Jesper Fast.
19:22 of 3rd period - Shot Misses the Net.
19:22 of 3rd period - Puck is out of play.
19:23 of 3rd period - Jack Studnicka wins face-off versus Matthew Peca in Boston Bruins zone.
19:58 of 3rd period - Slapshot by Jesper Fast.
19:58 of 3rd period - Stopped by Pyotr Kochetkov without a rebound.
19:59 of 3rd period - David Krejci wins face-off versus Radek Faksa in Boston Bruins zone.
Goals for this period are 0 for Boston Bruins vs 0 for Philadelphia Flyers.
Shots for this period are 7 for Boston Bruins vs 12 for Philadelphia Flyers.
Overtime #1
0:01 of 1st overtime period - Auston Matthews wins face-off versus Brandon Hagel in neutral zone.
0:16 of 1st overtime period - Slapshot by Charlie McAvoy.
0:16 of 1st overtime period - Stopped by Connor Ingram without a rebound.
0:17 of 1st overtime period - Anthony Beauvillier wins face-off versus Elias Lindholm in Philadelphia Flyers zone.
0:28 of 1st overtime period - Samuel Girard is hit by Elias Lindholm and loses puck.
1:38 of 1st overtime period - Brandon Hagel is hit by Artem Zub and loses puck.
3:26 of 1st overtime period - Vladimir Tarasenko is hit by Matt Grzelcyk and loses puck.
3:51 of 1st overtime period - Ben Chiarot is hit by Samuel Girard and loses puck.
4:26 of 1st overtime period - Oliver Ekman-Larsson is hit by Joe Veleno and loses puck.
Goals for this period are 0 for Boston Bruins vs 0 for Philadelphia Flyers.
Shots for this period are 1 for Boston Bruins vs 0 for Philadelphia Flyers.
ShootOut
5:00 of 1st overtime period - Round #1.
5:00 of 1st overtime period - Boston Bruins, Brandon Hagel.
5:00 of 1st overtime period - Deke by Brandon Hagel.
5:00 of 1st overtime period - Stopped by Connor Ingram.
5:00 of 1st overtime period - Philadelphia Flyers, Auston Matthews.
5:00 of 1st overtime period - Deke by Auston Matthews.
5:00 of 1st overtime period - Shot Misses the Net.
5:00 of 1st overtime period - Round #2.
5:00 of 1st overtime period - Boston Bruins, Pavel Zacha.
5:00 of 1st overtime period - Wrist shot by Pavel Zacha.
5:00 of 1st overtime period - Stopped by Connor Ingram.
5:00 of 1st overtime period - Philadelphia Flyers, Matt Duchene.
5:00 of 1st overtime period - Wrist shot by Matt Duchene.
5:00 of 1st overtime period - Shot Misses the Net.
5:00 of 1st overtime period - Round #3.
5:00 of 1st overtime period - Boston Bruins, David Krejci.
5:00 of 1st overtime period - Deke by David Krejci.
5:00 of 1st overtime period - Stopped by Connor Ingram.
5:00 of 1st overtime period - Philadelphia Flyers, Max Pacioretty.
5:00 of 1st overtime period - Wrist shot by Max Pacioretty.
5:00 of 1st overtime period - Goal by Max Pacioretty.
Back to the Top